 Dungeon Crawl Stone Soup version 0.27-a0-1228-gfd60fd639a (webtiles) character file.

Game seed: 7415837296484927313

11417 bande the Blocker (level 11, -1/67 HPs)
             Began as a Gargoyle Fighter on June 7, 2021.
             Was a High Priest of Okawaru.
             Slain by a five-headed hydra (2 damage)
             ... on level 1 of the Lair of Beasts.
             The game lasted 00:28:41 (14337 turns).

bande the Blocker (Gargoyle Fighter)               Turns: 14337, Time: 00:28:42

Health: -1/67      AC: 27    Str: 22    XL:     11   Next: 77%
Magic:  0/15       EV:  6    Int:  9    God:    Okawaru [*****.]
Gold:   58         SH: 13    Dex: 16    Spells: 10/10 levels left

rFire    . . .     SeeInvis .   N - +3 war axe (freeze)
rCold    + . .     Faith    .   c - +1 kite shield
rNeg     + . .     Spirit   +   H - +0 plate armour
rPois    ∞         Reflect  .   n - +0 helmet
rElec    +         Harm     .   (no cloak)
rCorr    .         Rampage  .   l - +2 pair of gloves
Will     .....                  g - +0 pair of boots
Stlth    ..........             I - amulet "Disuk" {Spirit rPois Regen+}
HPRegen  1.21/turn              k - ring of protection from cold
MPRegen  0.14/turn              o - +6 ring of dexterity

@: about to teleport, slowed, very slow
A: sickness immunity, AC +8, negative energy resistance 1, electricity
resistance, torment resistance 1, petrification resistance
a: Renounce Religion, Heroism, Finesse


You were on level 1 of the Lair of Beasts.
You worshipped Okawaru.
Okawaru was extremely pleased with you.
You visited 3 branches of the dungeon, and saw 12 of its levels.

You collected 552 gold pieces.
You spent 494 gold pieces at shops.

Inventory:

Hand Weapons
 a - a +1 war axe of freezing
 h - the +3 war axe "Ufytorr" {vorpal, Int+4 Stlth-}
   (You found it on level 9 of the Dungeon)

   It inflicts extra damage upon your enemies.
   It affects your intelligence (+4).
   It makes you less stealthy.
 i - a +0 flail
 p - a +2 war axe of electrocution
 y - a +0 war axe
 N - a +3 war axe of freezing (weapon)
Missiles
 d - a curare-tipped dart
 z - 4 boomerangs of dispersal (quivered)
 G - a throwing net
Armour
 c - a +1 kite shield (worn)
 g - a +0 pair of boots (worn)
 l - a +2 pair of gloves (worn)
 n - a +0 helmet (worn)
 H - a +0 plate armour (worn)
Jewellery
 j - an amulet of reflection
 k - a ring of protection from cold (left hand)
 o - a +6 ring of dexterity (right hand)
 v - a ring of fire
 B - a +6 ring of strength
 D - a ring of protection from cold
 F - a +6 ring of strength
 I - the amulet "Disuk" (around neck) {Spirit rPois Regen+}
   (You bought it in a shop on level 6 of the Dungeon)

   [amulet of guardian spirit]

   It causes incoming damage to be divided between your reserves of health and
   magic.
   It protects you from poison.
   It increases your rate of health regeneration.
Wands
 s - a wand of acid (10)
 C - a wand of paralysis (9)
 E - a wand of flame (30)
 J - a wand of iceblast (8)
Scrolls
 f - 3 scrolls of magic mapping
 w - a scroll of enchant armour
 x - 2 scrolls of identify
 A - a scroll of amnesia
 K - 2 scrolls of enchant weapon
 L - a scroll of fear
 M - a scroll of vulnerability {unknown}
Potions
 b - a potion of flight
 e - 5 potions of curing
 m - a potion of haste
 q - 2 potions of attraction
 r - a potion of resistance
 u - a potion of ambrosia
Miscellaneous
 O - a piece from Xom's chessboard (15/15)


   Skills:
 + Level 7.1 Fighting
 + Level 10.2 Axes
 + Level 8.3 Armour
 - Level 1.7 Dodging
 + Level 10.2 Shields
 * Level 5.5 Invocations
 * Level 4.5 Evocations


You had 10 spell levels left.
You didn't know any spells.
Your spell library contained the following spells:

 Spells                   Type           Power      Damage    Failure   Level
 Foxfire                  Conj/Fire      0%         2x1d4     100%        1
 Conjure Flame            Conj/Fire      0%         6-21      100%        3
 Inner Flame              Hex/Fire       0%         N/A       100%        3
 Sticky Flame             Conj/Fire      0%         2d3       100%        4
 Fireball                 Conj/Fire      0%         3d3       100%        5


Dungeon Overview and Level Annotations

Branches:
Dungeon (9/15)             Temple (1/1) D:7            Lair (2/6) D:9
  Swamp: Lair:2-4    Shoals: Lair:2-4     Snake: Lair:2-4    Spider: Lair:2-4
    Orc: D:9-12

Altars:
Cheibriados
Dithmenos
Elyvilon
Fedhas
Gozag
Hepliaklqana
Kikubaaqudgha
Makhleb
Nemelex Xobeh
Okawaru
Qazlal
Ru
Sif Muna
Trog
Uskayaw
Vehumet
Wu Jian
Yredelemnul
Zin
Beogh

Shops:
D:1 =   D:6 [*===

Annotations:
D:7 3 runed translucent doors, bronco's ghost, novice TrAr


Innate Abilities, Weirdness & Mutations

You are immune to sickness and miasma.
Your stone body is resilient. (AC +8)
You are immune to poison.
You resist negative energy. (rN+)
You are resistant to electric shocks. (rElec)
You are resistant to unholy torment.
You are immune to petrification.


Message History

Being near the torpor snail leaves you feeling lethargic.
A wolf comes into view.
The elephant tramples you but does no damage.
The elephant trunk-slaps you but does no damage.
The yak gores you! x2; The wolf moves out of view.
There is a stone staircase leading up here.
You block the wolf's attack.
The wolf pauses to sniff the ground.
The wolf bites you but does no damage. You block the elephant's attack.
The elephant trunk-slaps you but does no damage.
The yak gores you but does no damage. The yak gores you.
You block the torpor snail's attack.
The water moccasin bites you but does no damage.
The five-headed hydra bites you but does no damage.
The five-headed hydra bites you. x2
The five-headed hydra barely misses you.
The five-headed hydra bites you but does no damage.
You climb upwards.
There is a stone staircase leading down here.
As you read the scroll of teleportation, it crumbles to dust.
You feel strangely unstable. You block the wolf's attack. The wolf bites you.
The elephant tramples you!
You hold your ground!
The elephant trunk-slaps you but does no damage.
You block the yak's attack. The yak gores you but does no damage.
The five-headed hydra bites you!
* * * LOW HITPOINT WARNING * * *
You block the five-headed hydra's attack.
The five-headed hydra bites you.
* * * LOW HITPOINT WARNING * * *
The five-headed hydra bites you but does no damage. x2
The torpor snail bites you!
* * * LOW HITPOINT WARNING * * *
The wolf barely misses you. You block the elephant's attack. x2
The yak gores you but does no damage. The yak barely misses you.
You feel better. You block the wolf's attack.
The five-headed hydra bites you but does no damage. x3
The five-headed hydra bites you!
* * * LOW HITPOINT WARNING * * *
The five-headed hydra bites you.
You die...

#.## #.......### ###.P
#..# ##........# ###
#..#####.........#
#.##.............#
#...............###
#.................# ### ##
#....#...........####P###.
#....#..wYh.......#.......
#........@Y.........#.....
#.......Y.D.......†.#.....
#.........................
##........................
##.................##.....
#...##................P...
##...#######..#.###..###..
#..## ###### #### ##. ####
##


You could see a five-headed hydra, an elephant, a torpor snail, 2 yaks and a
wolf.

Vanquished Creatures
  A hydra (Lair:1)
  2 two-headed ogres (D:8)
  An ugly thing (D:8)
  6 cane toads (Lair:1)
  A komodo dragon (D:9)
  A rime drake (Lair:1)
  A hornet (Temple)
  Sigmund (D:6)
  A wyvern (D:9)
  A steam dragon (D:6)
  8 yaks
  Menkaure (D:4)
  An acid dragon (D:8)
  8 water moccasins
  2 sky beasts
  4 orc warriors
  2 ice beasts
  A black bear (D:8)
  3 necrophages
  4 wolves (Lair:1)
  2 centaurs
  2 ogres (D:6)
  A kobold brigand (D:8)
  A phantom (D:5)
  6 bullfrogs
  4 scorpions
  A water moccasin skeleton (D:7)
  3 wights
  2 howler monkeys
  3 centaur zombies
  4 hounds
  A gnoll shaman (D:9)
  5 orc priests
  A centaur skeleton (D:7)
  2 jellies
  A bullfrog skeleton (D:7)
  3 iguanas
  2 scorpion zombies (D:5)
  11 orc wizards
  2 hound zombies (D:5)
  4 howler monkey zombies
  11 gnolls
  6 adders
  2 shadow imps
  A white imp (D:7)
  An adder skeleton (D:4)
  A worm (D:3)
  2 dart slugs
  30 orcs
  2 bats
  5 endoplasms
  A giant cockroach (D:4)
  8 goblins
  6 hobgoblins
  14 jackals
  2 quokkas
  6 ball pythons
  5 frilled lizards
  18 kobolds
  A quokka skeleton (D:4)
  9 rats
242 creatures vanquished.

Vanquished Creatures (others)
  A kobold brigand (D:9)
  10 fungi
  21 plants
  A withered plant (D:9)
33 creatures vanquished.

Grand Total: 275 creatures vanquished

Notes
Turn   | Place    | Note
-------+----------+-------------------------------------------
     0 | D:1      | bande the Gargoyle Fighter began the quest for the Orb.
     0 | D:1      | Reached XP level 1. HP: 14/14 MP: 1/1
    66 | D:1      | Found Quel's Jewellery Shoppe.
   342 | D:1      | Reached XP level 2. HP: 19/19 MP: 2/2
   736 | D:1      | Reached XP level 3. HP: 20/23 MP: 3/3
  1387 | D:2      | Found an opulent altar of Gozag.
  2072 | D:2      | Reached XP level 4. HP: 27/28 MP: 4/4
  2451 | D:3      | Found a faded altar of an unknown god.
  2702 | D:3      | Reached XP level 5. HP: 20/33 MP: 5/5
  2841 | D:3      | Noticed a necrophage
  2861 | D:3      | Killed a necrophage
  3094 | D:3      | Reached XP level 6. HP: 38/38 MP: 6/6
  3764 | D:4      | Noticed Menkaure
  3776 | D:4      | Killed Menkaure
  3777 | D:4      | Reached skill level 5 in Shields
  3777 | D:4      | Reached XP level 7. HP: 11/42 MP: 7/7
  4583 | D:5      | Entered Level 5 of the Dungeon
  4615 | D:5      | Reached skill level 1 in Dodging
  4666 | D:5      | Reached skill level 5 in Axes
  4687 | D:5      | Reached skill level 5 in Armour
  4898 | D:5      | Found a stormy altar of Qazlal.
  4984 | D:5      | Reached XP level 8. HP: 47/48 MP: 8/8
  5398 | D:5      | Found a basalt altar of Yredelemnul.
  6867 | D:7      | Found a staircase to the Ecumenical Temple.
  6877 | D:7      | Noticed a hornet
  6885 | Temple   | Entered the Ecumenical Temple
  6936 | Temple   | Became a worshipper of Warmaster Okawaru
  6960 | Temple   | Reached XP level 9. HP: 34/52 MP: 9/9
  6967 | Temple   | Killed a hornet
  7153 | D:6      | Reached skill level 5 in Fighting
  7169 | D:6      | Found Zulod's Jewellery Shoppe.
  7404 | D:6      | Noticed Sigmund
  7410 | D:6      | Reached * piety under Okawaru
  7430 | D:6      | Killed Sigmund
  7892 | D:6      | Found Jeemixki's Armour Boutique.
  7894 | D:6      | Found Qeyseuga's Jewellery Boutique.
  8018 | D:6      | Found Zaipeff's Assorted Antiques.
  8023 | D:6      | Found Duluan's Jewellery Shop.
  8760 | D:7      | Noticed bronco's ghost (novice TrAr)
  8761 | D:7      | Found a runed translucent gate.
  8761 | D:7      | Found a runed translucent gate.
  8761 | D:7      | Found a runed translucent gate.
  8761 | D:7      | Identified the +2 plate armour of the Unseen Realm {Int+3}
  8762 | D:7      | Identified the +5 mace "Jerphinu" {vorpal, Str+3}
  8897 | D:7      | Reached skill level 1 in Invocations
  9118 | D:7      | Reached ** piety under Okawaru
  9119 | D:7      | Reached skill level 1 in Evocations
  9119 | D:7      | Reached XP level 10. HP: 59/59 MP: 9/11
  9598 | D:8      | Noticed a red ugly thing
  9606 | D:8      | Killed a red ugly thing
  9640 | D:8      | Noticed a two-headed ogre
  9751 | D:8      | Killed a two-headed ogre
  9751 | D:8      | Reached *** piety under Okawaru
 10093 | D:8      | Noticed a two-headed ogre
 10105 | D:8      | Killed a two-headed ogre
 10703 | D:8      | Found a shadowy altar of Dithmenos.
 11125 | D:9      | Reached **** piety under Okawaru
 11349 | D:9      | Identified the +3 war axe "Ufytorr" {vorpal, Int+4 Stlth-}
 11482 | D:9      | Found a sparkling altar of Nemelex Xobeh.
 11511 | D:9      | Found an opulent altar of Gozag.
 11514 | D:9      | Found an ornate altar of the Wu Jian Council.
 11517 | D:9      | Found a sacrificial altar of Ru.
 11574 | D:9      | Found a staircase to the Lair.
 11730 | D:9      | Found a blossoming altar of Fedhas.
 11733 | D:9      | Found an ancient bone altar of Kikubaaqudgha.
 12287 | Lair:1   | Entered Level 1 of the Lair of Beasts
 12307 | D:9      | Reached XP level 11. HP: 55/64 MP: 12/14
 12604 | D:6      | Bought the amulet "Disuk" {Spirit rPois Regen+} for 494
                  | gold pieces
 13180 | Lair:1   | Reached ***** piety under Okawaru
 13608 | Lair:1   | Reached skill level 10 in Shields
 13611 | Lair:1   | Reached skill level 10 in Axes
 13611 | Lair:1   | Reached skill level 5 in Invocations
 13773 | Lair:1   | Noticed a four-headed hydra
 13806 | Lair:1   | Killed a four-headed hydra
 13806 | Lair:1   | Received a gift from Okawaru
 14320 | Lair:2   | Noticed a five-headed hydra
 14336 | Lair:1   | HP: 1/67 [torpor snail (12)]
 14337 | Lair:1   | Slain by a five-headed hydra

Illustrated notes

Levels and vault maps discovered:
D:1:      dpeg_arrival_round_a, layout_loops_corners, serial_shops,
          nicolae_shop_trees, lexackson_kobold_supper
D:2:      layout_basic, basic_altar, grunt_ministairs_9
D:3:      layout_rooms, hellmonk_ecumenical_altar_lost_god
D:4:      layout_loops_cross, uniq_menkaure
D:5:      layout_layer_cave, nicolae_overflow_crystal_walls,
          nicolae_yredelemnul_corpse_copse, kennysheep_minor_cross,
          minmay_fractal_squares_5
D:6:      minmay_recursive_quarters, layout_cave_pods, serial_shops,
          nicolae_shop_behind_doors, nicolae_shop_waterfront, shop,
          nicolae_shop_crystal, shop, uniq_sigmund
D:7:      layout_loops_ring, minmay_temple_entry_slanted,
          biasface_ghost_orc_armoury, serial_bayou_pond_b,
          minmay_strange_pillars, grunt_ministairs_5, nrook_campfire
D:8:      layout_loops_ring, nicolae_dithmenos_the_darkroom, solitary_fountain,
          nicolae_benzene_ring
D:9:      layout_rooms, grunt_temple_overflow_growth_and_decay,
          grunt_temple_overflow_cloverleaf, grunt_lair_entry_orc_guard_hut
Temple:   cyrus_circular_temple
Lair:1:   layout_cave_shapes
Lair:2:   layout_hall_layers, swamp_mist_pool,
          nicolae_spider_entry_tight_spaces, grunt_forest_large_clearings,
          uniq_nergalle

Skill      XL: |  1  2  3  4  5  6  7  8  9 10 11 |
---------------+----------------------------------+-----
Axes           | 2 3 4 5 6 8 9 10 | 10.2
Shields        | 4 5 6 7 8 9 10 | 10.2
Armour         | 4 5 6 7 8 |  8.3
Fighting       | 4 5 6 7 |  7.1
Dodging        | 1 |  1.7
Invocations    | 1 4 5 |  5.5
Evocations     | 1 3 4 |  4.5

Action                   |  1- 3 |  4- 6 |  7- 9 | 10-12 || total
-------------------------+-------+-------+-------+-------++-------
Melee: War axe           |   103 |   153 |   311 |   342 ||   909
       Flail             |       |       |       |    12 ||    12
Invok: Heroism           |       |       |       |     1 ||     1
  Use: Scroll            |     4 |     3 |    12 |     1 ||    20
       Potion            |       |     3 |       |     4 ||     7
Armor: Scale mail        |    48 |       |       |       ||    48
       Chain mail        |    21 |   103 |   158 |    38 ||   320
       Plate armour      |       |       |       |   177 ||   177
Dodge: Dodged            |    26 |    41 |    66 |    70 ||   203
Block: Kite shield       |    59 |   134 |   295 |   308 ||   796
       Reflection        |       |     3 |     7 |     9 ||    19

Table legend: (Time is in decaauts)
 A = Elapsed time spent in this place.
 B = Non-inter-level travel time spent in this place.
 C = Inter-level travel time spent in this place.
 D = Time resting spent in this place.
 E = Time spent auto-exploring this place.
 F = Levels seen in this place.
 G = Mean time per level.
                   A        B        C        D        E       F      G
               +--------+--------+--------+--------+--------+-----+--------+
         Total |  14654 |  14302 |    352 |   3480 |   7367 |  12 | 1221.2 |
       Dungeon |  12835 |  12483 |    352 |   3027 |   6429 |   9 | 1426.1 |
        Temple |    230 |    230 |      0 |    139 |     41 |   1 |  230.0 |
          Lair |   1589 |   1589 |      0 |    314 |    897 |   2 |  794.5 |
               +--------+--------+--------+--------+--------+-----+--------+

Top non-repeatable levels by time:
     D:6: 2616 daAuts
     D:8: 1815 daAuts
  Lair:1: 1581 daAuts
     D:5: 1485 daAuts
     D:1: 1314 daAuts
     D:7: 1311 daAuts
     D:2: 1279 daAuts
     D:4: 1229 daAuts
     D:3: 908 daAuts
     D:9: 873 daAuts
  Temple: 230 daAuts
  Lair:2: 7 daAuts
